 Dungeon Crawl Stone Soup version 0.24-a0-408-gcc1054c7ca (webtiles) character file.

Game seed: 455480134405886352

456 Lanoc the Skirmisher (level 7, -3/59 HPs)
             Began as a Gnoll Abyssal Knight on June 5, 2019.
             Was a Priest of Lugonu.
             Killed from afar by an orc wizard (11 damage)
             ... with a puff of frost
             ... on level 7 of the Dungeon.
             The game lasted 00:06:53 (3707 turns).

Lanoc the Skirmisher (Gnoll Abyssal Knight)         Turns: 3707, Time: 00:06:54

Health: -3/59      AC:  3    Str: 13 (15) XL:     7   Next: 6%
Magic:  9/10       EV: 13    Int: 12 (14) God:    Lugonu [***...]
Gold:   211        SH:  0    Dex: 15 (16) Spells: 10/10 levels left

rFire    . . .     SeeInvis .   a - +1 spear
rCold    . . .     Gourm    .   (no shield)
rNeg     . . .     Faith    .   b - +0 leather armour
rPois    +         Spirit   .   (no helmet)
rElec    .         Reflect  .   (no cloak)
rCorr    .         Harm     .   (no gloves)
MR       +....                  (no boots)
Stlth    ++........             (no amulet)
HPRegen  0.19/turn              (no ring)
MPRegen  0.12/turn              (no ring)

@: no status effects
A: distributed training, fangs 1, magic resistance 1, poison resistance, strong
nose
a: Depart the Abyss, Bend Space, Banish, Renounce Religion


You were on level 7 of the Dungeon.
You worshipped Lugonu.
Lugonu was most pleased with you.
You were not hungry.

You visited 1 branch of the dungeon, and saw 6 of its levels.
You visited the Abyss 1 time.

You collected 211 gold pieces.

Inventory:

Hand Weapons
 a - a +1 spear (weapon)
Missiles
 e - 3 curare-tipped darts (quivered)
Armour
 b - a +0 leather armour (worn)
Wands
 n - a wand of flame (15)
Scrolls
 g - 2 scrolls of remove curse
 i - a scroll of immolation {unknown}
 j - 3 scrolls of identify {unknown}
 k - 2 scrolls of magic mapping {unknown}
 m - a scroll of fog {unknown}
 o - a scroll of blinking {unknown}
 p - a scroll of noise {unknown}
Potions
 d - a potion of degeneration
Comestibles
 c - a ration
 h - 4 chunks of flesh


   Skills:
 + Level 6.9 Fighting
 + Level 2.2 Short Blades
 + Level 2.2 Long Blades
 + Level 2.2 Axes
 + Level 2.2 Maces & Flails
 + Level 5.1 Polearms
 + Level 2.2 Staves
 + Level 2.2 Slings
 + Level 2.2 Bows
 + Level 2.2 Crossbows
 + Level 2.2 Throwing
 + Level 5.1 Armour
 + Level 3.4 Dodging
 + Level 2.2 Stealth
 + Level 2.2 Shields
 + Level 2.2 Unarmed Combat
 + Level 2.2 Spellcasting
 + Level 1.7 Conjurations
 + Level 1.7 Hexes
 + Level 1.7 Charms
 + Level 1.7 Summonings
 + Level 1.7 Necromancy
 + Level 1.7 Translocations
 + Level 1.7 Transmutations
 + Level 1.7 Fire Magic
 + Level 1.7 Ice Magic
 + Level 1.7 Air Magic
 + Level 1.7 Earth Magic
 + Level 1.7 Poison Magic
 + Level 5.2 Invocations
 + Level 2.2 Evocations


You had 10 spell levels left.
You didn't know any spells.
Your spell library contained the following spells:

 Spells                   Type           Power        Failure   Level  Hunger
 Confusing Touch          Hex            #.....       16%         1    ##.....
 Confuse                  Hex            #.......     43%         3    ####...
 Gell's Gravitas          Tloc           #.........   43%         3    ####...
 Petrify                  Tmut/Erth      #.......     85%         4    #####..
 Metabolic Englaciation   Hex/Ice        #.........   99%         5    ######.
 Yara's Violent Unravell  Hex/Tmut       #.........   99%         5    ######.


Dungeon Overview and Level Annotations

Branches:
Dungeon (7/15)
 Temple: D:4-7

Altars:

Annotations:
D:3 3 runed translucent doors, Hylith's ghost, weakling TrFi
D:7 1 runed translucent door, Avack's ghost, novice VSSk


Innate Abilities, Weirdness & Mutations

Your experience applies equally to all skills.
You have very sharp teeth.
Your uncanny sense of smell can sniff out nearby items.
You are resistant to hostile enchantments. (MR+)
Your system is resistant to poisons. (rPois)


Message History

You are too injured to fight recklessly!
You are too injured to fight recklessly!
You are too injured to fight recklessly!
You are too injured to fight recklessly!
You are too injured to fight recklessly!
You feel better.
You hear some strange, mumbled words.
A puff of frost appears from out of thin air!
The puff of frost hits you! Something hits you.
* * * LOW HITPOINT WARNING * * *
Space bends around you!
You blink.
You hear some strange, mumbled words.
A puff of frost appears from out of thin air!
The puff of frost hits you!
* * * LOW HITPOINT WARNING * * *
Found a scroll labeled HONISE QIUWAKK.
You hear some strange, mumbled words.
A puff of frost appears from out of thin air!
The puff of frost hits you!
You die...

############
#.....@..?.#
#.##.####..#
#.##.##......#
#.##.......# #
######.##o......#
#...)o...........
#.####..........#
#.# ####........
#.# #####.###


There were no monsters in sight!

Vanquished Creatures
  An ogre (D:7)
  A scorpion (D:7)
  2 orc wizards (D:7)
  An orc priest (D:7)
  Jessica (D:3)
  4 gnolls
  A howler monkey skeleton (D:4)
  5 adders
  2 oozes
  A worm (D:3)
  6 leopard geckos
  5 orcs
  4 giant cockroaches
  12 hobgoblins
  4 jackals (D:2)
  6 kobolds
  2 quokkas (D:3)
  3 ball pythons (D:2)
  5 bats
  5 frilled lizards
  14 goblins
  A leopard gecko skeleton (D:7)
  13 rats
99 creatures vanquished.

Notes
Turn   | Place    | Note
-------+----------+-------------------------------------------
     0 | Abyss:1  | Lanoc the Gnoll Abyssal Knight began the quest for the Orb.
     0 | Abyss:1  | Reached XP level 1. HP: 23/23 MP: 3/3
    18 | D:1      | Escaped the Abyss
    77 | D:1      | Reached XP level 2. HP: 21/29 MP: 5/5
   288 | D:1      | Reached ** piety under Lugonu
   414 | D:1      | Reached XP level 3. HP: 31/35 MP: 6/6
  1080 | D:2      | Reached skill level 1 in Short Blades
  1080 | D:2      | Reached skill level 1 in Long Blades
  1080 | D:2      | Reached skill level 1 in Axes
  1080 | D:2      | Reached skill level 1 in Maces & Flails
  1080 | D:2      | Reached skill level 1 in Staves
  1080 | D:2      | Reached skill level 1 in Slings
  1080 | D:2      | Reached skill level 1 in Bows
  1080 | D:2      | Reached skill level 1 in Crossbows
  1080 | D:2      | Reached skill level 1 in Throwing
  1080 | D:2      | Reached skill level 1 in Stealth
  1080 | D:2      | Reached skill level 1 in Shields
  1080 | D:2      | Reached skill level 1 in Unarmed Combat
  1080 | D:2      | Reached skill level 1 in Spellcasting
  1080 | D:2      | Reached skill level 1 in Evocations
  1146 | D:2      | Reached XP level 4. HP: 36/41 MP: 7/7
  1161 | D:2      | Found a faded altar of an unknown god.
  1436 | D:2      | Reached *** piety under Lugonu
  1597 | D:2      | Reached skill level 1 in Conjurations
  1597 | D:2      | Reached skill level 1 in Hexes
  1597 | D:2      | Reached skill level 1 in Charms
  1597 | D:2      | Reached skill level 1 in Summonings
  1597 | D:2      | Reached skill level 1 in Necromancy
  1597 | D:2      | Reached skill level 1 in Translocations
  1597 | D:2      | Reached skill level 1 in Transmutations
  1597 | D:2      | Reached skill level 1 in Fire Magic
  1597 | D:2      | Reached skill level 1 in Ice Magic
  1597 | D:2      | Reached skill level 1 in Air Magic
  1597 | D:2      | Reached skill level 1 in Earth Magic
  1597 | D:2      | Reached skill level 1 in Poison Magic
  1798 | D:3      | Found a runed translucent gate.
  1798 | D:3      | Found a runed translucent gate.
  2034 | D:3      | Found a runed translucent gate.
  2082 | D:3      | Reached XP level 5. HP: 47/47 MP: 8/8
  2475 | D:3      | Noticed Jessica
  2486 | D:3      | Killed Jessica
  2547 | D:3      | Noticed Hylith's ghost (weakling TrFi)
  3276 | D:4      | You fall into a shaft and drop 3 floors!
  3290 | D:6      | Noticed an ogre
  3310 | D:7      | Gained mutation: You are resistant to hostile enchantments.
                  | (MR+) [potion of mutation]
  3310 | D:7      | Gained mutation: Your system is resistant to poisons.
                  | (rPois) [potion of mutation]
  3319 | D:7      | Reached skill level 5 in Invocations
  3319 | D:7      | Reached XP level 6. HP: 35/53 MP: 9/9
  3509 | D:7      | Noticed a water moccasin
  3554 | D:7      | Reached skill level 5 in Polearms
  3554 | D:7      | Reached skill level 5 in Armour
  3608 | D:7      | Found a runed translucent door.
  3608 | D:7      | Noticed Avack's ghost (novice VSSk)
  3629 | D:7      | Reached XP level 7. HP: 48/59 MP: 10/10
  3707 | D:7      | Killed from afar by an orc wizard

Levels and vault maps discovered:
D:1:      denvon_arrival_planthouse, layout_basic
D:2:      cheibrodos_greedy_goblins, layout_loops_ring,
          chequers_ecumenical_altar_lobes, st_stairs_13
D:3:      layout_basic, ebering_ghost_rock_garden, uniq_jessica
D:4:      layout_rooms, hangedman_feature_mirror
D:6:      lemuel_ice_spiral_2, layout_basic, doesnt_xom_only_xom,
          cheibrodos_worm_habitat
D:7:      layout_loops_corners, hellmonk_ghost_happy_afterlife,
          grunt_decor_mini_mirrors

Skill      XL: |  1  2  3  4  5  6 |
---------------+-------------------+-----
Short Blades   | 1 2 |  2.2
Long Blades    | 1 2 |  2.2
Axes           | 1 2 |  2.2
Maces & Flails | 1 2 |  2.2
Staves         | 1 2 |  2.2
Slings         | 1 2 |  2.2
Bows           | 1 2 |  2.2
Crossbows      | 1 2 |  2.2
Throwing       | 1 2 |  2.2
Stealth        | 1 2 |  2.2
Shields        | 1 2 |  2.2
Unarmed Combat | 1 2 |  2.2
Spellcasting   | 1 2 |  2.2
Evocations     | 1 2 |  2.2
Conjurations   | 1 |  1.7
Hexes          | 1 |  1.7
Charms         | 1 |  1.7
Summonings     | 1 |  1.7
Necromancy     | 1 |  1.7
Translocations | 1 |  1.7
Transmutations | 1 |  1.7
Fire Magic     | 1 |  1.7
Ice Magic      | 1 |  1.7
Air Magic      | 1 |  1.7
Earth Magic    | 1 |  1.7
Poison Magic   | 1 |  1.7
Dodging        | 3 |  3.4
Invocations    | 5 |  5.2
Polearms       | 5 |  5.1
Armour         | 5 |  5.1
Fighting       | |  6.9

Action                   |  1- 3 |  4- 6 |  7- 9 || total
-------------------------+-------+-------+-------++-------
Melee: Spear             |    56 |   243 |    36 ||   335
       Bite              |    14 |    16 |     7 ||    37
       Whip              |    88 |       |       ||    88
       Punch             |     1 |       |       ||     1
Invok: Bend Space        |       |       |     1 ||     1
  Use: Scroll            |     2 |       |       ||     2
       Potion            |       |     5 |     1 ||     6
 Stab: Sleeping          |     2 |     9 |       ||    11
  Eat: Chunk             |       |     9 |       ||     9
Armor: Leather armour    |    33 |    23 |     3 ||    59
       Skin              |       |    36 |       ||    36
Dodge: Dodged            |    89 |    94 |    14 ||   197

Table legend:
 A = Non-vault XP
 B = Vault XP
 C = Vault XP percentage of total XP
 D = Non-vault monster count
 E = Vault monster count
 F = Vault count percentage of total count
                 A         B        C        D         E       F
            +---------+---------+-------+---------+---------+-------
      Total |     601 |      51 |   7.8 |      90 |       9 |   9.1
            +---------+---------+-------+---------+---------+-------
        D:1 |      55 |       0 |   0.0 |      30 |       0 |   0.0
        D:2 |      74 |      14 |  15.9 |      27 |       8 |  22.9
        D:3 |      68 |      37 |  35.2 |      17 |       1 |   5.6
        D:4 |      60 |       0 |   0.0 |       5 |       0 |   0.0
        D:6 |       3 |       0 |   0.0 |       1 |       0 |   0.0
        D:7 |     341 |       0 |   0.0 |      10 |       0 |   0.0
            +---------+---------+-------+---------+---------+-------
